 Dungeon Crawl Stone Soup version 0.22.0-6-g71bd7aa (webtiles) character file.

13 Golfball the Magician (level 2, 0/20 HPs)
             Began as a Gnoll Wanderer on Aug 14, 2018.
             Slain by a jackal (1 damage)
             ... on level 1 of the Dungeon.
             The game lasted 00:01:51 (471 turns).

Golfball the Magician (Gnoll Wanderer)               Turns: 471, Time: 00:01:51

Health: 0/20       AC:  3    Str: 16    XL:     2   Next: 37%
Magic:  7/7        EV: 12    Int: 13    God:
Gold:   77         SH:  0    Dex: 13    Spells: 10/10 levels left

rFire    + . .     SeeInvis .   e - +0 club
rCold    x . .     Gourm    .   (no shield)
rNeg     . . .     Faith    .   a - +0 leather armour
rPois    .         Spirit   .   (no helmet)
rElec    .         Reflect  .   (no cloak)
rCorr    .         Harm     .   (no gloves)
MR       .....                  (no boots)
Stlth    ++........             (no amulet)
HPRegen  0.06/turn              i - ring of fire
MPRegen  0.10/turn              (no ring)

@: no status effects
A: distributed training, fangs 1, strong nose
a: no special abilities


You were on level 1 of the Dungeon.
You were not hungry.

You visited 1 branch of the dungeon, and saw 1 of its levels.

You collected 77 gold pieces.

Inventory:

Hand Weapons
 e - a +0 club (weapon)
 f - a +0 dagger
Missiles
 b - 3 throwing nets (quivered)
 h - 19 sling bullets
Armour
 a - a +0 leather armour (worn)
Jewellery
 i - a ring of fire (left hand)
Potions
 d - 2 potions of curing {unknown}
Comestibles
 c - 2 chunks of flesh
 g - 2 rations


   Skills:
 + Level 0.3 Fighting
 + Level 0.3 Short Blades
 + Level 0.3 Long Blades
 + Level 0.3 Axes
 + Level 0.3 Maces & Flails
 + Level 0.3 Polearms
 + Level 0.3 Staves
 + Level 0.3 Slings
 + Level 0.3 Bows
 + Level 0.3 Crossbows
 + Level 0.3 Throwing
 + Level 0.3 Armour
 + Level 2.4 Dodging
 + Level 4.0 Stealth
 + Level 2.4 Shields
 + Level 2.4 Unarmed Combat
 + Level 4.9 Spellcasting
 + Level 0.2 Conjurations
 + Level 0.2 Hexes
 + Level 0.2 Charms
 + Level 2.0 Summonings
 + Level 0.2 Necromancy
 + Level 3.7 Translocations
 + Level 0.2 Transmutations
 + Level 0.2 Fire Magic
 + Level 0.2 Ice Magic
 + Level 0.2 Air Magic
 + Level 0.2 Earth Magic
 + Level 0.2 Poison Magic
 + Level 0.4 Invocations
 + Level 0.3 Evocations


You had 10 spell levels left.
You didn't know any spells.
Your spell library contained the following spells:

 Spells                   Type           Power        Failure   Level  Hunger
 Apportation              Tloc           ##....       4%          1    None
 Sting                    Conj/Pois      #...         22%         1    None
 Spider Form              Tmut/Pois      #.........   54%         3    ###....
 Gell's Gravitas          Tloc           ##........   16%         3    ###....


Dungeon Overview and Level Annotations

Branches:
Dungeon (1/15)

Altars:


Innate Abilities, Weirdness & Mutations

Your experience applies equally to all skills.
You have very sharp teeth.
Your uncanny sense of smell can sniff out nearby items.


Message History

The jackal is heavily wounded.
The jackal barely misses you.
The jackal bites you but does no damage.
You hit the jackal.
The jackal is severely wounded.
The jackal bites you. x2
* * * LOW HITPOINT WARNING * * *
You closely miss the jackal. Your bite misses the jackal.
The jackal is severely wounded.
The jackal barely misses you.
You hit the jackal but do no damage.
The jackal is severely wounded.
The jackal bites you.
* * * LOW HITPOINT WARNING * * *
The jackal bites you.
* * * LOW HITPOINT WARNING * * *
You closely miss the jackal. Your bite misses the jackal.
The jackal is severely wounded.
The jackal bites you.
You die...

############..# #...........# ##
..............###...[.......####.
........####.....................
.....(........#####[...(....####.
........####### #.........# #.
........# #.#.####### #.
######### #.#.# #. ##########...#
#. ......h@....(# #.
###########..# #. ...# #. #...#
#. ...# ##### #. ∆ %#.###.<.###.
##.##.....##. #.#.#8≈8#.#.
#.#.#≈≈≈#.#.


You could see a jackal.

Vanquished Creatures
  A giant cockroach (D:1)
  3 goblins (D:1)
  A jackal (D:1)
  5 bats (D:1)
  A rat (D:1)
11 creatures vanquished.

Notes
Turn   | Place    | Note
-------+----------+-------------------------------------------
     0 | D:1      | Golfball the Gnoll Wanderer began the quest for the Orb.
     0 | D:1      | Golfball set off with: a +0 leather armour, 3 throwing nets, a +0 club, a +0 dagger, a ration
     0 | D:1      | Reached XP level 1. HP: 13/13 MP: 6/6
   256 | D:1      | Reached XP level 2. HP: 18/19 MP: 7/7
   470 | D:1      | HP: 1/20 [jackal (3)]
   471 | D:1      | Slain by a jackal

Skill      XL: |  1 |
---------------+----+-----
Summonings     | 2 |  2.0
Fighting       | |  0.3
Short Blades   | |  0.3
Long Blades    | |  0.3
Axes           | |  0.3
Maces & Flails | |  0.3
Polearms       | |  0.3
Staves         | |  0.3
Slings         | |  0.3
Bows           | |  0.3
Crossbows      | |  0.3
Throwing       | |  0.3
Armour         | |  0.3
Dodging        | |  2.4
Stealth        | |  4.0
Shields        | |  2.4
Unarmed Combat | |  2.4
Spellcasting   | |  4.9
Conjurations   | |  0.2
Hexes          | |  0.2
Charms         | |  0.2
Necromancy     | |  0.2
Translocations | |  3.7
Transmutations | |  0.2
Fire Magic     | |  0.2
Ice Magic      | |  0.2
Air Magic      | |  0.2
Earth Magic    | |  0.2
Poison Magic   | |  0.2
Invocations    | |  0.4
Evocations     | |  0.3

Action                   || total
-------------------------++-------
Melee: Club              ||    47
       Bite              ||     5
 Stab: Sleeping          ||     2
Armor: Leather armour    ||    24
Dodge: Dodged            ||    30
